PAA
CASPER GHOSTS @ RICHLAND RAILS
06/25/2021
 
TOP OF THE 1ST
Casper Ghosts batting - Pitching for Richland Rails : LHP Carlos Barajas
Pitching: LHP Carlos Barajas
Batting: RHB Lorenzo Díaz 0-0: Foul Ball, location: 2F
0-1: Ball
1-1: Called Strike
1-2: Ground out 5-3 (Groundball, 5S)
Batting: LHB Harrison Jones 0-0: Ball
1-0: Ball
2-0: Swinging Strike
2-1: Ground out 1-3 (Groundball, 15)
Batting: RHB Warner Robinson 0-0: Called Strike
0-1: Ball
1-1: Ball
2-1: Swinging Strike
2-2: Ball
3-2: Base on Balls
Batting: RHB Dave Young 0-0: DOUBLE (Line Drive, 78M)
Warner Robinson to third
Batting: SHB Alonso Rodríguez 0-0: SINGLE (Groundball, 6D)
Warner Robinson scores
Dave Young to third
Runner from 3rd tries for Home, SAFE, throw made home
Alonso Rodríguez to second
Batting: LHB Jim Unknown 0-0: Called Strike
0-1: Called Strike
0-2: Foul Ball, location: 2F
0-2: Ball
1-2: Foul Ball, location: 2F
1-2: Ground out 3-1 (Groundball, 34S)
Top of the 1st over - 2 run(s), 2 hit(s), 0 error(s), 1 left on base; Casper 2 - Richland 0
BOTTOM OF THE 1ST
Richland Rails batting - Pitching for Casper Ghosts : RHP Pat Pérez
Pitching: RHP Pat Pérez
Batting: LHB Roberto Madrid 0-0: Ball
1-0: Swinging Strike
1-1: Ball
2-1: Ball
3-1: Reached on error, E5 (Groundball, 56S)
Batting: SHB Carlton Reed 0-0: Foul Ball, location: 2F
0-1: Foul Ball, location: 2F
0-2: Ball
1-2: Ball
2-2: Fly out, F8 (Flyball, 8LD)
Batting: RHB Miguel Vidro 0-0: SINGLE (Line Drive, 8RS)
Roberto Madrid to second
Batting: RHB Gustavo Berrios 0-0: Called Strike
0-1: Foul Ball, location: 2F
0-2: Fielders Choice at 2nd, 1-4 (Groundball, 13S)
Roberto Madrid to third
Batting: RHB Jack Davis 0-0: Ball
1-0: Called Strike
1-1: Called Strike
1-2: Strikes out swinging
Bottom of the 1st over - 0 run(s), 1 hit(s), 1 error(s), 2 left on base; Casper 2 - Richland 0
TOP OF THE 2ND
Casper Ghosts batting - Pitching for Richland Rails : LHP Carlos Barajas
Batting: RHB Henry Appleby 0-0: Ball
1-0: Foul Ball, location: 2F
1-1: Ball
2-1: Ball
3-1: Base on Balls
Batting: SHB José Juárez 0-0: Foul Ball, location: 2F
0-1: DOUBLE (Flyball, 8LXD)
Henry Appleby to third
Batting: RHB Phil Baker 0-0: Ground out 6-3 (Groundball, 6S)
Henry Appleby scores
José Juárez to third
Batting: RHB Lorenzo Díaz 0-0: Swinging Strike
0-1: Ball
1-1: Ball
2-1: Swinging Strike
2-2: DOUBLE (Flyball, 78M)
José Juárez scores
Batting: LHB Harrison Jones 0-0: Called Strike
0-1: Called Strike
0-2: Ball
1-2: Strikes out swinging
Batting: RHB Warner Robinson 0-0: Called Strike
0-1: Ball
1-1: Fly out, F8 (Line Drive, 8RD)
Top of the 2nd over - 2 run(s), 2 hit(s), 0 error(s), 1 left on base; Casper 4 - Richland 0
BOTTOM OF THE 2ND
Richland Rails batting - Pitching for Casper Ghosts : RHP Pat Pérez
Batting: LHB Chris Stoltzfus 0-0: Foul Ball, location: 2F
0-1: Fly out, F9 (Flyball, 89S)
Batting: LHB Valentín Salas 0-0: Called Strike
0-1: Foul Ball, location: 2F
0-2: Ball
1-2: Ground out 4-3 (Groundball, 4)
Batting: RHB Zach Lewis 0-0: Ball
1-0: Ball
2-0: SINGLE (Groundball, 5L)
Batting: RHB Andrew Hall 0-0: Ball
1-0: Swinging Strike
1-1: Ball
2-1: Fly out, F8 (Line Drive, 8RM)
Bottom of the 2nd over - 0 run(s), 1 hit(s), 0 error(s), 1 left on base; Casper 4 - Richland 0
TOP OF THE 3RD
Casper Ghosts batting - Pitching for Richland Rails : LHP Carlos Barajas
Batting: RHB Dave Young 0-0: Ball
1-0: SINGLE (Line Drive, 6MD)
Batting: SHB Alonso Rodríguez 0-0: Swinging Strike
0-1: Ball
1-1: Called Strike
1-2: Foul Ball, location: 2F
1-2: Ball
2-2: Ball
3-2: 2-RUN HOME RUN (Flyball, 78XD), Distance : 376 ft
Batting: LHB Jim Unknown 0-0: Swinging Strike
0-1: Ball
1-1: Called Strike
1-2: Ball
2-2: Foul Ball, location: 2F
2-2: Foul Ball, location: 2F
2-2: Strikes out swinging
Batting: RHB Henry Appleby 0-0: Foul Ball, location: 2F
0-1: Foul Ball, location: 2F
0-2: SOLO HOME RUN (Flyball, 7D), Distance : 344 ft
Batting: SHB José Juárez 0-0: Ball
1-0: Foul Ball, location: 2F
1-1: Ground out 5-3 (Groundball, 56)
Pitching: LHP Joe Morris
Batting: RHB Phil Baker 0-0: Called Strike
0-1: Ball
1-1: Ball
2-1: Foul Ball, location: 2F
2-2: Ball
3-2: SINGLE (Groundball, 4MD)
Batting: RHB Lorenzo Díaz 0-0: Ball
1-0: Ball
2-0: Called Strike
2-1: DOUBLE (Flyball, 78M)
Phil Baker to third
Runner from 3rd tries for Home, SAFE, throw made home
Batting: LHB Harrison Jones 0-0: Ball
1-0: Ball
2-0: Ball
3-0: Base on Balls
Batting: RHB Warner Robinson 0-0: Ball
1-0: Ball
2-0: Ball
3-0: Called Strike
3-1: Foul Ball, location: 2F
3-2: Foul Ball, location: 2F
3-2: Base on Balls
Lorenzo Díaz to third
Harrison Jones to second
Batting: RHB Dave Young 0-0: Called Strike
0-1: Swinging Strike
0-2: Strikes out swinging
Top of the 3rd over - 4 run(s), 5 hit(s), 0 error(s), 3 left on base; Casper 8 - Richland 0
BOTTOM OF THE 3RD
Richland Rails batting - Pitching for Casper Ghosts : RHP Pat Pérez
Batting: LHB Roberto Madrid 0-0: Called Strike
0-1: Ball
1-1: Ball
2-1: Ball
3-1: Fly out, F6 (Popup, 6D)
Batting: SHB Carlton Reed 0-0: Ball
1-0: Swinging Strike
1-1: Swinging Strike
1-2: Foul Ball, location: 2F
1-2: Ball
2-2: Strikes out looking
Batting: RHB Miguel Vidro 0-0: Called Strike
0-1: Foul Ball, location: 2F
0-2: Strikes out swinging
Bottom of the 3rd over - 0 run(s), 0 hit(s), 0 error(s), 0 left on base; Casper 8 - Richland 0
TOP OF THE 4TH
Casper Ghosts batting - Pitching for Richland Rails : LHP Joe Morris
Batting: SHB Alonso Rodríguez 0-0: Ball
1-0: Foul Ball, location: 2F
1-1: Ball
2-1: DOUBLE (Line Drive, 5D)
Batting: LHB Jim Unknown 0-0: Ball
1-0: Swinging Strike
1-1: Fly out, F7 (Flyball, 7M)
Batting: RHB Henry Appleby 0-0: Foul Ball, location: 2F
0-1: Called Strike
0-2: SINGLE (Line Drive, 4MD)
Alonso Rodríguez to third
Batting: SHB José Juárez 0-0: Swinging Strike
0-1: Swinging Strike
0-2: Ball
1-2: Ball
2-2: Foul Ball, location: 2F
2-2: Ball
3-2: SINGLE (Line Drive, 4D)
Alonso Rodríguez scores
Henry Appleby to second
Batting: RHB Phil Baker 0-0: Fly out, F6 (Line Drive, 6D)
0-0: Lined into DP, 6-4 (Line Drive, 6D)
Top of the 4th over - 1 run(s), 3 hit(s), 0 error(s), 1 left on base; Casper 9 - Richland 0
BOTTOM OF THE 4TH
Richland Rails batting - Pitching for Casper Ghosts : RHP Pat Pérez
Batting: RHB Gustavo Berrios 0-0: Foul Ball, location: 2F
0-1: Ball
1-1: Ball
2-1: Ball
3-1: Foul Ball, location: 2F
3-2: Foul Ball, location: 2F
3-2: Ground out 5-3 (Groundball, 56)
Batting: RHB Jack Davis 0-0: Called Strike
0-1: Ball
1-1: Ground out 5-3 (Groundball, 5)
Batting: LHB Chris Stoltzfus 0-0: Ball
1-0: Foul Ball, location: 2F
1-1: SOLO HOME RUN (Flyball, 8LXD), Distance : 432 ft
Batting: LHB Valentín Salas 0-0: Ball
1-0: Foul Ball, location: 2F
1-1: Ball
2-1: Foul Ball, location: 2F
2-2: Fly out, F3 (Popup, 3SF)
Bottom of the 4th over - 1 run(s), 1 hit(s), 0 error(s), 0 left on base; Casper 9 - Richland 1
TOP OF THE 5TH
Casper Ghosts batting - Pitching for Richland Rails : LHP Joe Morris
Batting: RHB Lorenzo Díaz 0-0: Ball
1-0: Ball
2-0: SINGLE (Line Drive, 89S)
Batting: LHB Harrison Jones 0-0: Bunted foul
0-1: Ball
1-1: Bunt missed!
1-2: SINGLE (Groundball, 5D)
Lorenzo Díaz to second
Batting: RHB Warner Robinson 0-0: Fly out, F8 (Flyball, 8RXD)
Runner from 2nd tags up, SAFE at 3rd, no throw
Batting: RHB Dave Young 0-0: Called Strike
0-1: Fly out, F7 (Flyball, 78M)
Runner from 3rd tags up, SCORES, throw made
Batting: SHB Alonso Rodríguez 0-0: Foul Ball, location: 2F
0-1: Foul Ball, location: 2F
0-2: Ball
1-2: Ball
2-2: Ball
Wild Pitch!
Harrison Jones to second
3-2: Foul Ball, location: 2F
3-2: DOUBLE (Line Drive, 7LS)
Harrison Jones scores
Pitching: RHP Kozue Koga
Batting: LHB Jim Unknown 0-0: Ball
1-0: Ball
2-0: Fly out, F6 (Line Drive, 6D)
Top of the 5th over - 2 run(s), 3 hit(s), 0 error(s), 1 left on base; Casper 11 - Richland 1
BOTTOM OF THE 5TH
Richland Rails batting - Pitching for Casper Ghosts : RHP Pat Pérez
Batting: RHB Zach Lewis 0-0: Ball
1-0: SINGLE (Popup, 9S)
Batting: RHB Andrew Hall 0-0: Called Strike
0-1: Called Strike
0-2: Ball
1-2: Fly out, F9 (Flyball, 9M)
Batting: LHB Roberto Madrid 0-0: Called Strike
0-1: Called Strike
0-2: Ball
1-2: Foul Ball, location: 2F
1-2: Strikes out swinging
Batting: SHB Carlton Reed 0-0: Swinging Strike
0-1: Foul Ball, location: 2F
0-2: Foul Ball, location: 2F
0-2: Fly out, F8 (Line Drive, 8RM)
Bottom of the 5th over - 0 run(s), 1 hit(s), 0 error(s), 1 left on base; Casper 11 - Richland 1
TOP OF THE 6TH
Casper Ghosts batting - Pitching for Richland Rails : RHP Kozue Koga
Batting: RHB Henry Appleby 0-0: Called Strike
0-1: Ball
1-1: Foul Ball, location: 2F
1-2: Ball
2-2: Ground out 5-3 (Groundball, 5)
Batting: SHB José Juárez 0-0: Ball
1-0: Ball
2-0: SINGLE (Groundball, 4MD)
Batting: RHB Phil Baker 0-0: Swinging Strike
0-1: Swinging Strike
0-2: Ball
1-2: Fly out, F9 (Line Drive, 9M)
Batting: RHB Lorenzo Díaz 0-0: Ball
1-0: Ball
2-0: Ball
3-0: Base on Balls
José Juárez to second
Batting: LHB Harrison Jones 0-0: Ball
1-0: Foul Ball, location: 2F
1-1: Fly out, F8 (Flyball, 8RS)
Top of the 6th over - 0 run(s), 1 hit(s), 0 error(s), 2 left on base; Casper 11 - Richland 1
BOTTOM OF THE 6TH
Richland Rails batting - Pitching for Casper Ghosts : RHP Pat Pérez
Batting: RHB Miguel Vidro 0-0: Called Strike
0-1: Swinging Strike
0-2: Ball
1-2: Foul Ball, location: 2F
1-2: Strikes out looking
Batting: RHB Gustavo Berrios 0-0: Ball
1-0: Ball
2-0: Ball
3-0: Called Strike
3-1: Base on Balls
Batting: RHB Jack Davis 0-0: Called Strike
Gustavo Berrios is caught stealing 2nd base
0-1: Ground out 6-3 (Groundball, 6M)
Bottom of the 6th over - 0 run(s), 0 hit(s), 0 error(s), 0 left on base; Casper 11 - Richland 1
TOP OF THE 7TH
Casper Ghosts batting - Pitching for Richland Rails : RHP Kozue Koga
Batting: RHB Warner Robinson 0-0: Called Strike
0-1: Ball
1-1: Ball
2-1: Swinging Strike
2-2: SINGLE (Groundball, 56D)
Batting: RHB Dave Young 0-0: Ball
1-0: Called Strike
1-1: SINGLE (Line Drive, 9LM)
Warner Robinson to second
Batting: SHB Alonso Rodríguez 0-0: Called Strike
0-1: Foul Ball, location: 2F
0-2: Strikes out swinging
Batting: LHB Jim Unknown 0-0: Ground out 4-3 (Groundball, 4M)
Warner Robinson to third
Dave Young to second
Batting: RHB Henry Appleby 0-0: Swinging Strike
0-1: Swinging Strike
0-2: Ball
1-2: SINGLE (Flyball, 7LS)
Warner Robinson scores
Dave Young to third
Runner from 3rd tries for Home, SAFE, throw made home
Batting: SHB José Juárez 0-0: Ball
1-0: Swinging Strike
1-1: Foul Ball, location: 2F
1-2: Fielders Choice at 2nd, U4 (Groundball, 4M)
Top of the 7th over - 2 run(s), 3 hit(s), 0 error(s), 1 left on base; Casper 13 - Richland 1
BOTTOM OF THE 7TH
Richland Rails batting - Pitching for Casper Ghosts : RHP Pat Pérez
Batting: LHB Chris Stoltzfus 0-0: Ball
1-0: Ground out 4-3 (Groundball, 4)
Batting: LHB Valentín Salas 0-0: Foul Ball, location: 2F
0-1: Fly out, F9 (Line Drive, 9M)
Batting: RHB Zach Lewis 0-0: Fly out, F6 (Popup, 6D)
Bottom of the 7th over - 0 run(s), 0 hit(s), 0 error(s), 0 left on base; Casper 13 - Richland 1
TOP OF THE 8TH
Casper Ghosts batting - Pitching for Richland Rails : RHP Kozue Koga
Batting: RHB Phil Baker 0-0: Swinging Strike
0-1: Ball
1-1: Ball
2-1: Swinging Strike
2-2: Ball
3-2: SINGLE (Line Drive, 4M)
Batting: RHB Lorenzo Díaz 0-0: Sac Bunt - play at first, batter OUT! 5-3
Phil Baker to second
Batting: LHB Harrison Jones 0-0: Ball
1-0: Ball
2-0: Called Strike
2-1: SINGLE (Groundball, 6MS) (infield hit)
Phil Baker to third
Batting: RHB Warner Robinson 0-0: Called Strike
0-1: Foul Ball, location: 2F
0-2: Ball
1-2: Foul Ball, location: 2F
1-2: Foul Ball, location: 2F
1-2: Ground out 1-3 (Groundball, 13)
Harrison Jones to second
Batting: RHB Dave Young 0-0: Swinging Strike
0-1: Ball
1-1: Ball
2-1: Swinging Strike
2-2: Ball
3-2: Strikes out looking
Top of the 8th over - 0 run(s), 2 hit(s), 0 error(s), 2 left on base; Casper 13 - Richland 1
BOTTOM OF THE 8TH
Richland Rails batting - Pitching for Casper Ghosts : RHP Pat Pérez
Batting: RHB Andrew Hall 0-0: Called Strike
0-1: Ball
1-1: Ball
2-1: Ground out 6-3 (Groundball, 56)
Batting: LHB Roberto Madrid 0-0: SINGLE (Groundball, 34D) (infield hit)
Batting: SHB Carlton Reed 0-0: Ball
1-0: Ball
2-0: Foul Ball, location: 2F
2-1: Fly out, F4 (Popup, 4M)
Batting: RHB Miguel Vidro 0-0: Ball
1-0: Ball
2-0: Foul Ball, location: 2F
2-1: Called Strike
2-2: Strikes out swinging
Bottom of the 8th over - 0 run(s), 1 hit(s), 0 error(s), 1 left on base; Casper 13 - Richland 1
TOP OF THE 9TH
Casper Ghosts batting - Pitching for Richland Rails : RHP Kozue Koga
Batting: SHB Alonso Rodríguez 0-0: SINGLE (Groundball, 4M)
Batting: LHB Jim Unknown 0-0: Sac Bunt - play at first, batter OUT! 5-3
Alonso Rodríguez to second
Pinch Hitting: RHB Ron Coffman 0-0: Called Strike
0-1: SINGLE (Groundball, 56D)
Alonso Rodríguez to third
Runner from 3rd tries for Home, SAFE, throw made home
Batting: SHB José Juárez 0-0: Ball
1-0: Swinging Strike
1-1: Ball
2-1: Grounds into double play, 4-6-3 (Groundball, 4)
Top of the 9th over - 1 run(s), 2 hit(s), 0 error(s), 0 left on base; Casper 14 - Richland 1
BOTTOM OF THE 9TH
Richland Rails batting - Pitching for Casper Ghosts : RHP Pat Pérez
Now at C: Roberto Toledo
Batting: RHB Gustavo Berrios 0-0: Ground out 6-3 (Groundball, 6M)
Batting: RHB Jack Davis 0-0: Ball
1-0: Called Strike
1-1: Ball
2-1: Ball
3-1: Base on Balls
Pitching: LHP Jim Unknown
Batting: LHB Chris Stoltzfus 0-0: Ball
1-0: Ball
2-0: Ball
Wild Pitch!
Jack Davis to second
3-0: Base on Balls
Batting: LHB Valentín Salas 0-0: Called Strike
0-1: Ball
1-1: Ball
2-1: Ball
3-1: Foul Ball, location: 2F
3-2: Strikes out swinging
Batting: RHB Zach Lewis 0-0: Ball
1-0: Foul Ball, location: 2F
1-1: Fly out, F6 (Popup, 6M)
Bottom of the 9th over - 0 run(s), 0 hit(s), 0 error(s), 2 left on base; Casper 14 - Richland 1
This league is powered by Out of the Park Baseball, the baseball management simulation game for PC, Mac and Linux
Friday, January 22nd, 2016 - OOTP Baseball 16.9 Build 39